 Dungeon Crawl Stone Soup version 0.27.0-1-g7a089689b8 (webtiles) character file.

Game seed: 18223583886635185096

3164 ZombieSheep the Skirmisher (level 9, -8/73 HPs)
             Began as a Demonspawn Monk on Aug 2, 2021.
             Was a Priest of Qazlal.
             Mangled by a boulder beetle (22 damage)
             ... on level 8 of the Dungeon.
             The game lasted 00:15:49 (7995 turns).

ZombieSheep the Skirmisher (Demonspawn Monk)        Turns: 7995, Time: 00:15:50

Health: -8/73      AC: 14    Str: 15    XL:     9   Next: 63%
Magic:  13/13      EV: 12    Int: 11    God:    Qazlal [***...]
Gold:   410        SH:  4    Dex: 16    Spells: 8/8 levels left

rFire    . . .     SeeInvis +   a - +0 broad axe (flame)
rCold    . . .     Faith    .   (no shield)
rNeg     . . .     Spirit   .   z - +3 scale mail {Will+}
rPois    +         Reflect  .   u - +0 helmet
rElec    .         Harm     .   (no cloak)
rCorr    .         Rampage  .   j - +0 pair of gloves
Will     +....                  (no boots)
Stlth    +.........             (no amulet)
HPRegen  0.22/turn              g - ring of poison resistance
MPRegen  0.26/turn              x - ring of see invisible

@: about to teleport
A: talons 1, thin metallic scales 1, demonic guardian 2, magic regeneration
a: Renounce Religion, Upheaval, Elemental Force


You were on level 8 of the Dungeon.
You worshipped Qazlal.
Qazlal was most pleased with you.
You visited 1 branch of the dungeon, and saw 8 of its levels.

You collected 410 gold pieces.

Inventory:

Hand Weapons
 a - a +0 broad axe of flaming (weapon)
 w - a +1 war axe of electrocution
 y - the +6 whip of Moral Flaws {flame, Will- Str+4 Dex+3}
   (You found it on level 6 of the Dungeon)

   It burns those it strikes, dealing additional fire damage.
   Str:       It affects your strength (+4).
   Dex:       It affects your dexterity (+3).
   Will:      It decreases your willpower.
Armour
 c - a +2 leather armour of fire resistance
 j - a +0 pair of gloves (worn)
 o - the +3 robe of Clouds {+Thunder rCloud rElec}
   (You found it on level 6 of the Dungeon)

   It can be evoked to surround the wearer with storm clouds, with success rate
   depending on Evocations skill.
   rElec:     It insulates you from electricity.
 u - a +0 helmet (worn)
 z - a +3 scale mail of willpower (worn)
Jewellery
 g - a ring of poison resistance (left hand)
 q - a +6 ring of intelligence
 x - a ring of see invisible (right hand)
Wands
 p - a wand of flame (10)
 B - a wand of polymorph (7)
Scrolls
 b - a scroll of acquirement
 e - a scroll of teleportation
 i - 4 scrolls of fog
 k - a scroll of amnesia
 l - a scroll of summoning
 m - 4 scrolls of enchant weapon
 n - 2 scrolls of fear
 r - a scroll of immolation
 A - a scroll of blinking
Potions
 d - 2 potions of brilliance
 f - 2 potions of flight
 h - 3 potions of attraction
 s - a potion of might {unknown}
 t - a potion of curing {unknown}
 v - 2 potions of resistance {unknown}


   Skills:
 + Level 7.7 Fighting
 + Level 6.1 Axes
 + Level 5.4 Armour
 + Level 6.1 Dodging
 - Level 1.7 Stealth
 + Level 6.2 Invocations


You had 8 spell levels left.
You didn't know any spells.
Your spell library contained the following spells:

 Spells                   Type           Power      Damage    Failure   Level
 Sandblast                Erth           0%         2d4       77%         1
 Sting                    Tmut/Pois      0%         1d3       77%         1
 Passwall                 Tmut/Erth      0%         N/A       88%         2
 Poisonous Vapours        Pois/Air       0%         N/A       88%         2
 Static Discharge         Conj/Air       0%         N/A       88%         2
 Ignite Poison            Fire/Tmut/Pois 0%         N/A       98%         3
 Mephitic Cloud           Conj/Pois/Air  0%         N/A       98%         3
 Dispel Undead            Necr           0%         3d6       100%        4
 Fulminant Prism          Conj/Hex       0%         3d6       100%        4
 Iskenderun's Mystic Bla  Conj/Tloc      0%         2d3       100%        4
 Olgreb's Toxic Radiance  Pois           0%         N/A       100%        4
 Sticky Flame             Conj/Fire      0%         2d3       100%        4
 Bolt of Magma            Conj/Fire/Erth 0%         4d4       100%        5
 Lee's Rapid Deconstruct  Erth           0%         3d5*      100%        5


Dungeon Overview and Level Annotations

Branches:
Dungeon (8/15)             Temple (0/1) D:6
   Lair: D:8-11

Altars:
Cheibriados
Hepliaklqana
Makhleb
Qazlal
Ru
Zin
The Shining One
Lugonu

Shops:
D:5 (

Annotations:
D:7 2 transporters, 1 runed translucent door


Innate Abilities, Weirdness & Mutations

You have sharp toenails.
You are partially covered in thin metallic scales. (AC +2)
A demonic guardian rushes to your aid.
You regenerate magic rapidly.


Message History

The steam dragon claws you but does no damage.
You slash the steam dragon! You burn the steam dragon.
You kill the steam dragon!
Qazlal accepts your kill.
The steam dragon scales are intact enough to wear.
No target in view!
Things that are here:
+0 steam dragon scales; a steam dragon corpse
There is a stone staircase leading up here.
You hear the creaking of a very distant portcullis.
A - a scroll of blinking You now have 410 gold pieces (gained 12).
m - 4 scrolls of enchant weapon (gained 1)
B - a wand of polymorph (7)
Found a war axe.
You open the door.
There is an open door here.
You open the door.
There is an open door here.
A boulder beetle comes into view.
The boulder beetle curls into a ball and begins rolling!
The boulder beetle misses you.
The boulder beetle stops rolling and uncurls.
You hit the boulder beetle but do no damage.
The boulder beetle barely misses you.
You hit the boulder beetle but do no damage.
The boulder beetle leaps!
You hear the steady creaking of a very distant portcullis.
The boulder beetle curls into a ball and begins rolling!
The boulder beetle hits you!!!
Ouch! That really hurt!
A demonic guardian appears!
The boulder beetle stops rolling and uncurls.
The boulder beetle bites you!
* * * LOW HITPOINT WARNING * * *
Your rust devil hits the boulder beetle.
Your rust devil corrodes the boulder beetle!
As you read the scroll of teleportation, it crumbles to dust.
You feel strangely unstable. The boulder beetle bites you!!
You die...

### #.# #4#####
#.B...########
#@##..........
#.#○..........
#.#.°.##.....#
#.#...##..... #
#.#...##..####.#
#.#............
#.#....#.....#
#.#....#.....#
..#.......#..#


You could see a boulder beetle (corroded, ally target) and a friendly rust devil
(summoned).

Vanquished Creatures
  Pikel (D:5)
  A yak (D:6)
  A steam dragon (D:8)
  Menkaure (D:4)
  An ice beast (D:7)
  A black bear (D:6)
  2 sky beasts
  2 orc warriors
  4 necrophages
  2 ogres (D:6)
  A phantom (D:7)
  4 lemures (D:5)
  2 kobold brigands
  A scorpion (D:6)
  A gnoll sergeant (D:6)
  A bullfrog (D:6)
  A howler monkey (D:3)
  3 hounds
  2 jellies (D:4)
  3 centaur skeletons
  3 orc priests
  5 iguanas
  6 orc wizards
  A hound skeleton (D:4)
  11 adders
  A howler monkey skeleton (D:6)
  4 ufetubi (D:6)
  A worm (D:4)
  2 dart slugs
  12 orcs
  A bat (D:2)
  4 endoplasms
  A giant cockroach (D:2)
  A hobgoblin (D:2)
  4 jackals
  12 kobolds
  3 quokkas
  9 ball pythons
  2 frilled lizards
  3 goblins
  5 rats
  A spectral kobold (D:1)
127 creatures vanquished.

Vanquished Creatures (collateral kills)
  A bullfrog zombie (D:6)
  A bullfrog skeleton (D:7)
  An orc (D:6)
3 creatures vanquished.

Grand Total: 130 creatures vanquished

Notes
Turn   | Place    | Note
-------+----------+-------------------------------------------
     0 | D:1      | ZombieSheep the Demonspawn Monk began the quest for the
                  | Orb.
     0 | D:1      | Reached XP level 1. HP: 18/18 MP: 1/1
   265 | D:1      | Found a faded altar of an unknown god.
   639 | D:1      | Gained mutation: You regenerate magic rapidly. [demonic
                  | ancestry]
   639 | D:1      | Reached XP level 2. HP: 17/24 MP: 2/2
  1203 | D:2      | Gained mutation: You have sharp toenails. [demonic
                  | ancestry]
  1203 | D:2      | Reached XP level 3. HP: 29/29 MP: 3/3
  1249 | D:2      | Reached skill level 1 in Armour
  1717 | D:2      | Gained mutation: You are partially covered in thin metallic
                  | scales. (AC +2) [demonic ancestry]
  1717 | D:2      | Reached XP level 4. HP: 37/37 MP: 4/4
  1827 | D:2      | Identified a scroll of acquirement
  1886 | D:3      | Reached skill level 4 in Fighting
  2412 | D:3      | Gained mutation: A weak demonic guardian rushes to your
                  | aid. [demonic ancestry]
  2412 | D:3      | Reached XP level 5. HP: 37/43 MP: 5/5
  2885 | D:4      | Reached XP level 6. HP: 38/50 MP: 6/6
  3009 | D:4      | Noticed Menkaure
  3030 | D:3      | Reached skill level 5 in Fighting
  3073 | D:4      | Killed Menkaure
  3588 | D:5      | Entered Level 5 of the Dungeon
  3602 | D:5      | Reached XP level 7. HP: 56/56 MP: 7/7
  3724 | D:5      | Noticed Pikel
  4276 | D:5      | Found a glowing drain.
  4303 | D:5      | Found a snail-covered altar of Cheibriados.
  4308 | D:5      | Found a hazy altar of Hepliaklqana.
  4313 | D:5      | Found a sacrificial altar of Ru.
  4387 | D:5      | Found a stormy altar of Qazlal.
  4392 | D:5      | Became a worshipper of Qazlal Stormbringer
  4392 | D:5      | Reached * piety under Qazlal
  4392 | D:5      | Reached ** piety under Qazlal
  4438 | D:5      | Killed Pikel
  4439 | D:5      | Reached skill level 6 in Fighting
  4439 | D:5      | Gained mutation: A demonic guardian rushes to your aid.
                  | [demonic ancestry]
  4439 | D:5      | Reached XP level 8. HP: 13/64 MP: 7/10
  4797 | D:5      | Found Gashroon's Weapon Shoppe.
  5153 | D:6      | Found a staircase to the Ecumenical Temple.
  5259 | D:6      | Reached skill level 5 in Axes
  5259 | D:6      | Reached skill level 5 in Dodging
  5799 | D:6      | Found the +3 robe of Clouds {+Thunder rCloud rElec}
  6074 | D:6      | Reached skill level 7 in Fighting
  6074 | D:6      | Reached XP level 9. HP: 27/72 MP: 12/12
  6331 | D:6      | Reached skill level 5 in Invocations
  6590 | D:6      | Identified the +6 whip of Moral Flaws {flame, Will- Str+4
                  | Dex+3}
  6863 | D:7      | Reached skill level 5 in Armour
  6870 | D:7      | Reached *** piety under Qazlal
  6961 | D:7      | Found a transporter.
  6962 | D:7      | Found a transporter.
  6962 | D:7      | Noticed a white ugly thing
  6963 | D:7      | Found a corrupted altar of Lugonu.
  6965 | D:7      | Noticed a purple ugly thing
  6965 | D:7      | Noticed a red ugly thing
  6965 | D:7      | Noticed a green ugly thing
  7325 | D:7      | Found a runed translucent door.
  7326 | D:7      | Found a burning altar of Makhleb.
  7326 | D:7      | Noticed a sixfirhy
  7610 | D:8      | Noticed a skeletal warrior
  7615 | D:8      | Noticed a skeletal warrior
  7616 | D:8      | Noticed a skeletal warrior
  7967 | D:8      | Noticed a boulder beetle
  7995 | D:8      | Mangled by a boulder beetle

Illustrated notes

Levels and vault maps discovered:
D:1:      sevenhm_arrival_forest_fort_large_3, layout_basic,
          dreamdust_ecumenical_altar_drowned_temple
D:2:      minmay_razor_zed, layout_loops_cross, kennysheep_generic_room_6
D:3:      layout_loops_ring
D:4:      layout_cave_pools, minmay_misc_feat_chi, uniq_menkaure
D:5:      layout_loops_ring, kennysheep_little_box, minitemple, serial_shops,
          kennysheep_mini, portal_sewer_entry_d, uniq_pikel
D:6:      kennysheep_windowed_halls, layout_basic,
          minmay_temple_entry_butterflies
D:7:      gammafunk_corrupted_shrine, layout_loops_ring, nzn_makhleb_speed_demon
D:8:      minmay_chambers_of_sixes, layout_basic, serial_shops,
          nicolae_square_shop, enter_bailey_5, fountainhead, blue_anna_alchemist

Skill      XL: |  1  2  3  4  5  6  7  8  9 |
---------------+----------------------------+-----
Axes           | 3 4 5 6 |  6.1
Dodging        | 3 4 5 6 |  6.1
Armour         | 1 2 3 4 5 |  5.4
Fighting       | 4 5 6 7 |  7.7
Invocations    | 2 4 6 |  6.2
Stealth        | |  1.7

Action                   |  1- 3 |  4- 6 |  7- 9 || total
-------------------------+-------+-------+-------++-------
Melee: Broad axe         |    62 |   107 |   231 ||   400
       Hand axe          |     5 |       |       ||     5
       Kick              |     4 |    24 |    73 ||   101
Throw: Throwing net      |       |     1 |       ||     1
Evoke: Wand              |       |       |     4 ||     4
  Use: Scroll            |     3 |     8 |     5 ||    16
 Stab: Sleeping          |     4 |     6 |     1 ||    11
       Distracted        |       |     2 |       ||     2
       Held in net/web   |       |     1 |       ||     1
Armor: Leather armour    |    30 |    56 |    49 ||   135
       Scale mail        |       |       |    53 ||    53
Dodge: Dodged            |    54 |   114 |   157 ||   325
Block: Other             |       |       |    26 ||    26
